 Dungeon Crawl Stone Soup version 0.17.1-2-g5865329 (webtiles) character file.

1010 dalore the Cudgeler (level 8, -13/67 HPs)
             Began as a Minotaur Berserker on Feb 13, 2016.
             Was a Priest of Trog.
             Mangled by Menkaure (18 damage)
             ... on level 4 of the Dungeon.
             The game lasted 00:26:41 (3609 turns).

dalore the Cudgeler (Minotaur Berserker)            Turns: 3609, Time: 00:26:41

Health: -13/67     AC: 14    Str: 23    XL:     8   Next: 1%
Magic:  7/7        EV:  4    Int:  4    God:    Trog [***...]
Gold:   230        SH: 15    Dex: 11    Spells: 0 memorised, 7 levels left

rFire  . . .     SeeInvis .     K - +0 morningstar
rCold  . . .     Clarity  .     b - +0 plate armour
rNeg   . . .     SustAt   .     v - +0 large shield
rPois  .         Gourm    .     (helmet restricted)
rElec  .         Spirit   .     H - +0 cloak
rCorr  .         Warding  .     (no gloves)
rMut   .         Stasis   .     (no boots)
MR     ++...                    (no amulet)
Stlth  ..........               (no ring)
                                (no ring)

@: exhausted, regenerating, slowed, very slow, very resistant to hostile
enchantments, extremely unstealthy
A: retaliatory headbutt, horns 2
a: Berserk, Trog's Hand, Burn Spellbooks, Renounce Religion


You were on level 4 of the Dungeon.
You worshipped Trog.
Trog was most pleased with you.
You were not hungry.

You visited 1 branch of the dungeon, and saw 4 of its levels.

You collected 230 gold pieces.

Inventory:

Hand Weapons
 a - a +0 mace
 w - a +0 mace
   (You took it off an orc on level 3 of the Dungeon)
 E - a +0 flail
   (You took it off an orc on level 4 of the Dungeon)
 F - a +0 whip
   (You took it off a gnoll on level 4 of the Dungeon)
 I - a +4 quarterstaff of chaos
   (You took it off Crazy Yiuf on level 4 of the Dungeon)
 K - a +0 morningstar (weapon)
   (You took it off an orc on level 4 of the Dungeon)
Armour
 b - a +0 plate armour (worn)
   (You found it on level 2 of the Dungeon)
 p - a +0 ring mail
   (You found it on level 1 of the Dungeon)
 v - a +0 large shield (worn)
   (You found it on level 2 of the Dungeon)
 H - a +0 cloak (worn)
   (You took it off Crazy Yiuf on level 4 of the Dungeon)
Jewellery
 l - an uncursed ring of sustain attributes {unknown}
   (You found it on level 1 of the Dungeon)
 z - an uncursed amulet of regeneration {unknown}
   (You found it on level 4 of the Dungeon)
Wands
 k - a wand of disintegration (9)
   (You found it on level 4 of the Dungeon)
 q - a wand of polymorph (8)
   (You found it on level 2 of the Dungeon)
 x - a wand of digging (12)
   (You took it off Grinder on level 3 of the Dungeon)
Scrolls
 d - 3 scrolls of blinking {unknown}
 e - a scroll of immolation {unknown}
 f - 8 scrolls of identify {unknown}
 g - a scroll of recharging {unknown}
 h - 2 scrolls of enchant armour {unknown}
 r - a scroll of remove curse {unknown}
 s - 2 scrolls of enchant weapon {unknown}
 y - a scroll of magic mapping {unknown}
 C - a scroll of fear {unknown}
 D - a scroll of amnesia {unknown}
Potions
 j - a potion of brilliance {unknown}
 m - a potion of flight {unknown}
 n - a potion of resistance {unknown}
 o - a potion of heal wounds {unknown}
 t - 2 potions of curing {unknown}
 u - 2 potions of poison {unknown}
 B - a potion of mutation {unknown}
Comestibles
 c - 4 bread rations {@e1}
 i - 2 meat rations {@e2}
 A - 4 fruits
 G - a slice of pizza
 J - 4 chunks of flesh {@w0}


   Skills:
 - Level 4.7 Fighting
 + Level 7.0 Maces & Flails
 * Level 6.1 Armour
 - Level 3.8 Dodging
 * Level 5.3 Shields


You had 7 spell levels left.
You didn't know any spells.

Dungeon Overview and Level Annotations

Branches:
Dungeon (4/15)
 Temple: D:4-7

Altars:
Ru
Xom
Yredelemnul

Annotations:
D:4 Menkaure


Innate Abilities, Weirdness & Mutations

You reflexively headbutt those who attack you in melee.
You have a pair of horns on your head.


Message History

The puff of frost hits you!
You take 3 damage, and have 57/60 hp.
Your skin crawls.
You feel resistant to hostile enchantments.
You feel slightly more hungry. Blork the orc casts a spell at you.
You block the puff of frost.
Health restored: 60 Blork the orc drinks a potion.
Blork the orc seems to grow stronger.
Blork the orc points at you and mumbles some strange words.
The puff of flame hits you!
You take 2 damage, and have 58/60 hp.
You puncture Blork the orc! You block Blork the orc's attack.
A red film seems to cover your vision as you go berserk!
You feel yourself moving faster!
You feel mighty!
You feel somewhat more hungry. You block Blork the orc's attack.
You now have 90/90 hp.
You closely miss Blork the orc.
Blork the orc points at you and mumbles some strange words.
The magic dart hits you!
You sock Blork the orc! You headbutt Blork the orc!
You feel the effects of Trog's Hand fading.
Blork the orc gestures at you while chanting.
The puff of flame hits you!
You bludgeon Blork the orc!!
You kill Blork the orc!
Trog accepts your kill.
Trog appreciates your killing of a magic user.
Your Armour skill increases to level 6!
You have reached level 8!
You feel stronger.
Health restored: 100; MP restored: 7
Things that are here:
a war axe; a robe; the orc corpse of Blork the orc You butcher the orc corpse of Blork the orc.
You enjoyed that.
J - 5 chunks of flesh {@w0} (gained 3)
Things that are here:
a war axe; a robe Calm down first, please.
You feel a strong urge to attack something.
You feel your anger subside.
You are no longer berserk.
You are exhausted.
You feel yourself slow down.
You are feeling hungry.
You now have 67/67 hp.
Autoeating chunks.
Eating one of 5 chunks of flesh {@w0}.
Your skin stops crawling.
You feel less resistant to hostile enchantments.
You continue eating.
Menkaure shouts!
You continue eating.
Menkaure calls on the powers of darkness!
Your body is wracked with pain!
You take 32 damage, and have 35/67 hp.
MASSIVE DAMAGE!!
Your skin crawls.
You feel resistant to hostile enchantments.
You feel slightly more hungry.
You regained 2 hp, and now have 37/67 hp.
You regained 2 hp, and now have 40/67 hp.
You are too injured to fight recklessly!
Menkaure mumbles some strange words.
Menkaure seems to speed up.
You regained 2 hp, and now have 42/67 hp.
You sock Menkaure!
Menkaure calls on the powers of darkness!
Your body is wracked with pain!
Menkaure hits you!
* * * LOW HITPOINT WARNING * * *
You take 32 damage, and have 10/67 hp.
MASSIVE DAMAGE!!
You hit Menkaure. Your headbutt misses Menkaure. You block Menkaure's attack.
You block Menkaure's attack. Menkaure hits you but does no damage.
You regained 3 hp, and now have 13/67 hp.
Your shield and plate armour prevent you from hitting Menkaure.
Menkaure calls on the powers of darkness!
Your body is wracked with pain!
* * * LOW HITPOINT WARNING * * *
You block Menkaure's attack. x2
You take 4 damage, and have 9/67 hp.
You hit Menkaure. You headbutt Menkaure! You block Menkaure's attack.
You block Menkaure's attack.
You regained 3 hp, and now have 12/67 hp.
You hit Menkaure but do no damage. You block Menkaure's attack.
Menkaure barely misses you.
You regained 2 hp, and now have 14/67 hp.
You barely miss Menkaure. You block Menkaure's attack.
You block Menkaure's attack. Menkaure hits you!
* * * LOW HITPOINT WARNING * * *
A hound comes into view.
The hound barks!
You take 12 damage, and have 2/67 hp.
You hit Menkaure.
You headbutt Menkaure, but do no damage.
Menkaure hits you but does no damage. Menkaure hits you!!
You die...

# #.#.# #.# #.# # ####.#.#####.##
####.# # #.............# #..... #
#.###.........# #####.##.#
####.###..#####..#######...#.##.#
......##..# ###............#.##.#
####.###..# #)......####...#.##..
# ### #..# #.##.##.##.......###.
# #..###.##@##.##.##.#####.. #
#...[....Mh.....##.# ##.. #
#.####.##.##.#####.# #... # #.#
#.##<##.#####.# ##.#.
########.####.............###..#.
##....(.......###########..##.##.
##.#####.####.# #..#..#.. ##.#
#.# #.# #........ ##.## #.#
##.###########....##..


You could see Menkaure and a hound.

Vanquished Creatures
  Grinder (D:3)
  Sigmund (D:2)
  Blork the orc (D:4)
  A water moccasin skeleton (D:4)
  A gnoll shaman (D:4)
  Crazy Yiuf (D:4)
  3 iguanas
  3 orc wizards
  3 worker ants (D:4)
  A centaur skeleton (D:4)
  Robin (D:2)
  6 gnolls (D:4)
  5 adders
  An ooze (D:4)
  4 worms
  A giant gecko (D:4)
  8 orcs
  7 bats
  8 hobgoblins
  3 jackals (D:4)
  3 ball pythons
  5 giant cockroaches
  2 giant newts
  19 goblins
  4 kobolds
  2 quokkas (D:4)
  2 quokka skeletons (D:4)
  5 rats
102 creatures vanquished.

Notes
Turn   | Place    | Note
--------------------------------------------------------------
     0 | D:1      | dalore the Minotaur Berserker began the quest for the Orb.
     0 | D:1      | Reached XP level 1. HP: 19/19 MP: 0/0
   131 | D:2      | Noticed Sigmund
   152 | D:1      | Reached XP level 2. HP: 18/27 MP: 1/1
   541 | D:1      | Reached skill level 4 in Maces & Flails
   899 | D:2      | Killed Sigmund
   899 | D:2      | Reached skill level 4 in Fighting
   899 | D:2      | Reached skill level 5 in Maces & Flails
   899 | D:2      | Reached skill level 3 in Armour
   899 | D:2      | Reached skill level 3 in Dodging
   899 | D:2      | Reached XP level 3. HP: 34/34 MP: 2/2
   899 | D:2      | Reached XP level 4. HP: 41/41 MP: 3/3
   899 | D:2      | Reached XP level 5. HP: 47/47 MP: 4/4
  1117 | D:2      | Reached ** piety under Trog
  1387 | D:2      | Noticed Robin
  1392 | D:2      | Killed Robin
  1632 | D:2      | Found a shimmering altar of Xom.
  2044 | D:3      | Reached skill level 4 in Armour
  2044 | D:3      | Reached XP level 6. HP: 50/53 MP: 5/5
  2094 | D:3      | Noticed Grinder
  2098 | D:3      | Paralysed by Grinder for 7 turns
  2108 | D:3      | Killed Grinder
  2108 | D:3      | Reached skill level 6 in Maces & Flails
  2108 | D:3      | Reached skill level 3 in Shields
  2528 | D:3      | Reached XP level 7. HP: 31/60 MP: 6/6
  2736 | D:3      | Found a basalt altar of Yredelemnul.
  2737 | D:3      | Found a sacrificial altar of Ru.
  2833 | D:4      | Reached *** piety under Trog
  2833 | D:4      | Reached skill level 5 in Armour
  2990 | D:4      | Noticed Menkaure
  3041 | D:4      | Reached skill level 4 in Shields
  3326 | D:4      | Noticed Crazy Yiuf
  3347 | D:4      | Killed Crazy Yiuf
  3446 | D:4      | Reached skill level 5 in Shields
  3485 | D:4      | Reached skill level 7 in Maces & Flails
  3572 | D:4      | Noticed Blork the orc
  3588 | D:4      | Killed Blork the orc
  3588 | D:4      | Reached skill level 6 in Armour
  3588 | D:4      | Reached XP level 8. HP: 67/67 MP: 7/7
  3603 | D:4      | HP: 10/67 [Menkaure (13)]
  3608 | D:4      | HP: 2/67 [Menkaure (14)]
  3609 | D:4      | Mangled by Menkaure

Action                   |  1- 3 |  4- 6 |  7- 9 || total
-------------------------+-------+-------+-------++-------
Melee: Mace              |    37 |   103 |    82 ||   222
       Flail             |       |       |    63 ||    63
       Morningstar       |       |       |    11 ||    11
Invok: Berserk           |     1 |     3 |     1 ||     5
       Trog's Hand       |       |     3 |     6 ||     9
  Eat: Chunk             |       |     8 |     5 ||    13
       Royal jelly       |       |     1 |       ||     1

Vault maps used:
D:1:      minmay_arrival_five_plusses
D:2:      forest_paths, marbit_many_paths, uniq_robin, uniq_sigmund
D:3:      gammafunk_temple_overflow_pools, uniq_grinder
D:4:      uniq_crazy_yiuf_cottage, uniq_blork_the_orc, uniq_menkaure

Table legend:
 A = Turns spent in this place as a percentage of turns spent in the entire game.
 B = Non-inter-level travel turns spent in this place as a percentage of non-inter-level travel turns spent in the entire game.
 C = Inter-level travel turns spent in this place as a percentage of turns spent in this place.
 D = Turns resting spent in this place as a percentage of non-inter-level travel turns spent in this place.
 E = Turns spent auto-exploring this place as a percentage of non-inter-level travel turns spent in this place.
 F = Non-inter-level travel turns spent in this place divided by the number of levels of this place that you've seen.
                   A       B       C       D       E      F
               +-------+-------+-------+-------+-------+----------------------
         Total | 100.0 | 100.0 |   2.8 |   3.8 |  10.1 | 251.2
       Dungeon | 100.0 | 100.0 |   2.8 |   3.8 |  10.1 | 251.2
               +-------+-------+-------+-------+-------+----------------------

Table legend:
 A = Kills in this place as a percentage of kills in entire the game.
 B = Kills by you in this place as a percentage of kills by you in the entire game.
 C = Kills by friends in this place as a percentage of kills by friends in the entire game.
 D = Other kills in this place as a percentage of other kills in the entire game.
 E = Experience gained in this place as a percentage of experience gained in the entire game.
 F = Experience gained in this place divided by the number of levels of this place that you have seen.
                   A       B       C       D       E      F
               +-------+-------+-------+-------+-------+----------------------
         Total | 100.0 | 100.0 |  -nan |  -nan | 100.0 | 360.8
       Dungeon | 100.0 | 100.0 |  -nan |  -nan | 100.0 | 360.8
               +-------+-------+-------+-------+-------+----------------------
